 Dungeon Crawl Stone Soup version 0.30.1-9-gdf580d7c3d (webtiles) character file.

Game seed: 16653522290798262054

1973 Dillybarz the Cleaver (level 9, -1/79 HPs)
             Began as a Minotaur Fighter on Oct 10, 2023.
             Slain by an orc
             ... wielding a +0 mace
              (6 damage)
             ... on level 7 of the Dungeon.
             The game lasted 00:15:41 (4522 turns).

Dillybarz the Cleaver (Minotaur Fighter)            Turns: 4522, Time: 00:15:41

Health: -1/79      AC: 24    Str: 25    XL:     9   Next: 0%
Magic:  8/8        EV:  8    Int:  5    God:
Gold:   2080       SH:  5    Dex: 10    Spells: 8/8 levels left

rFire   . . .        a - +0 war axe
rCold   . . .        c - +0 buckler
rNeg    . . .        C - +9 chain mail "Pitwose" {Stlth+}
rPois   .            (helmet restricted)
rElec   .            h - +0 cloak
rCorr   .            x - +2 pair of gloves
SInv    .            (no boots)
Will    .....        q - amulet of regeneration Stlth
                     (no ring)
HPRegen 1.13/turn    (no ring)
MPRegen 0.11/turn

%: no passive effects
@: lethally poisoned (-1 -> -1)
A: horns 2, retaliatory headbutt
a: no special abilities


You were on level 7 of the Dungeon.
You visited 1 branch of the dungeon, and saw 7 of its levels.

You collected 2080 gold pieces.

Inventory:

Hand Weapons
 a - a +0 war axe (weapon)
Missiles
 g - 15 poisoned darts (quivered)
 k - 37 stones
 p - 4 javelins
 r - 11 boomerangs
 A - 2 throwing nets
Armour
 c - a +0 buckler (worn)
 h - a +0 cloak (worn)
 x - a +2 pair of gloves (worn)
 C - the +9 chain mail "Pitwose" (worn) {Stlth+}
   (You found it on level 5 of the Dungeon)

   Stlth:     It makes you more stealthy.
Jewellery
 q - an amulet of regeneration (around neck)
Wands
 v - a wand of polymorph (20)
 y - a wand of flame (9)
Scrolls
 b - a scroll of vulnerability
 j - 3 scrolls of enchant armour
 m - a scroll of teleportation
 n - a scroll of magic mapping {unknown}
 E - 2 scrolls of immolation
Potions
 d - a potion of might
 e - a potion of mutation
 f - a potion of lignification
 i - 4 potions of haste
 l - a potion of magic
 o - a potion of brilliance
 s - a potion of curing
 t - a potion of flight
 u - a potion of attraction
 w - a potion of ambrosia
 z - a potion of heal wounds {unknown}
 B - 2 potions of berserk rage {unknown}
 D - a potion of cancellation {unknown}


   Skills:
 + Level 7.2 Fighting
 * Level 9.2 Axes
 + Level 7.3 Armour
 + Level 7.2 Shields


You had 8 spell levels left.
You didn't know any spells.
Your spell library was empty.

Dungeon Overview and Level Annotations

Branches:
Dungeon (7/15)
 Temple: D:4-7

Altars:
Cheibriados
Hepliaklqana
Makhleb
Zin

Shops:
D:5 :

Annotations:
D:1 1 transporter


Innate Abilities, Weirdness & Mutations

You have a pair of horns on your head.
You reflexively headbutt those who attack you in melee.


Message History

a +0 short sword; a +0 leather armour; a potion of haste You closely miss the orc.
You slash the orc!
You kill the orc!
You closely miss the killer bee.
You feel sick. You block the killer bee's attack. You block the orc's attack.
The killer bee stings you.
* * * LOW HITPOINT WARNING * * *
You are more poisoned.
The killer bee poisons you!
The killer bee stings you but does no damage.
The orc hits you but does no damage.
You hit the orc. You headbutt the orc.
The orc is heavily wounded.
You slash the killer bee!
You kill the killer bee!
You feel very sick.
You have reached level 9!
Your experience leads to an increase in your attributes!
Increase (S)trength, (I)ntelligence, or (D)exterity?
You feel stronger. x2
You feel very sick. The orc barely misses you.
The orc hits you but does no damage.
You barely miss the orc. You closely miss the shadow imp. You slash the orc!
You kill the orc!
You feel sick. The orc hits you with a +0 mace.
* * * LOW HITPOINT WARNING * * *
An orc wizard comes into view. It is wielding a +0 dagger.
You block the shadow imp's attack.
You barely miss the orc. You barely miss the shadow imp.
You feel sick. You block the orc's attack. The shadow imp barely misses you.
You closely miss the orc. You slash the shadow imp!
You feel sick. The orc hits you with a +0 mace.
* * * LOW HITPOINT WARNING * * *
An orc comes into view. It is wielding a +0 dagger.
The shadow imp hits you.
* * * LOW HITPOINT WARNING * * *
You hit the shadow imp.
You kill the shadow imp!
You hit the orc.
You feel sick. The orc hits you with a +0 mace.
You die...

#.# #.# #.# ##.## #...#
#.#o# ##.#.## #..#oo#
##.###@## ###cF# #))###
####.K.## ##)))#### #....###
###).†.#####.#
.....).....c⌠.. ####.......#
####....###KY.###....#######
####...# ##...#### ###..
#..### #.###.##


You could see an orc wizard and 2 orcs.

Vanquished Creatures
  Pikel (D:7)
  Menkaure (D:5)
  Duvessa (D:5)
  An ice beast (D:6)
  2 ogres
  A centaur (D:7)
  A kobold brigand (D:7)
  A phantom (D:6)
  3 bullfrogs
  3 killer bees (D:7)
  Dowan (D:5)
  3 hounds
  4 orc priests
  A sleepcap (D:5)
  Ijyb (D:3)
  2 iguanas
  4 gnolls (D:5)
  4 adders
  A shadow imp (D:7)
  A white imp (D:6)
  An ufetubus (D:5)
  6 worms
  A dart slug (D:2)
  6 orcs
  8 ball pythons
  3 endoplasms
  3 giant cockroaches
  2 goblins
  2 hobgoblins
  A quokka (D:4)
  7 bats
  2 frilled lizards
  3 kobolds
  11 rats
93 creatures vanquished.

Notes
Turn   | Place    | Note
-------+----------+-------------------------------------------
     0 | D:1      | Dillybarz the Minotaur Fighter began the quest for the Orb.
     0 | D:1      | Reached XP level 1. HP: 19/19 MP: 0/0
     7 | D:1      | Found a faded altar of an unknown god.
   214 | D:1      | Reached XP level 2. HP: 27/27 MP: 1/1
   295 | D:1      | Reached skill level 3 in Axes
   925 | D:2      | Reached XP level 3. HP: 33/33 MP: 2/2
  1138 | D:3      | Found a burning altar of Makhleb.
  1157 | D:3      | Found a hazy altar of Hepliaklqana.
  1230 | D:3      | Found a snail-covered altar of Cheibriados.
  1390 | D:3      | Found a glowing silver altar of Zin.
  1548 | D:3      | Noticed Ijyb
  1562 | D:3      | Killed Ijyb
  1563 | D:3      | Reached XP level 4. HP: 28/40 MP: 3/3
  2045 | D:4      | Identified a scroll of acquirement
  2045 | D:4      | Acquired 822 gold pieces
  2190 | D:4      | Reached skill level 4 in Axes
  2512 | D:4      | Acquired 1018 gold pieces
  2532 | D:5      | Entered Level 5 of the Dungeon
  2570 | D:5      | Identified the +9 chain mail "Pitwose" {Stlth+}
  2644 | D:5      | Noticed an ogre
  2648 | D:5      | Killed an ogre
  2649 | D:5      | Reached XP level 5. HP: 31/47 MP: 4/4
  2801 | D:5      | Reached skill level 5 in Axes
  2801 | D:5      | Found Zopisui's Self-Improvement Boutique.
  2921 | D:5      | Reached XP level 6. HP: 55/55 MP: 5/5
  2923 | D:5      | Reached skill level 5 in Armour
  2931 | D:5      | Reached skill level 5 in Fighting
  2931 | D:5      | Reached skill level 5 in Shields
  3122 | D:5      | Noticed Duvessa
  3122 | D:5      | Noticed Dowan
  3130 | D:5      | Killed Duvessa
  3131 | D:5      | Reached skill level 6 in Axes
  3138 | D:5      | Killed Dowan
  3139 | D:5      | Reached XP level 7. HP: 33/61 MP: 6/6
  3250 | D:5      | Noticed Menkaure
  3354 | D:5      | Killed Menkaure
  3915 | D:6      | Reached skill level 7 in Axes
  4146 | D:6      | Reached XP level 8. HP: 70/70 MP: 7/7
  4396 | D:7      | Noticed Pikel
  4418 | D:7      | Killed Pikel
  4419 | D:7      | Reached skill level 8 in Axes
  4504 | D:7      | Reached skill level 9 in Axes
  4518 | D:7      | Reached XP level 9. HP: 15/79 MP: 8/8
  4522 | D:7      | Slain by an orc

Illustrated notes

Levels and vault maps discovered:
D:1:      spicycebolla_arrival_transporter_tutorial, layout_basic,
          basic_ecumenical_altar, minmay_pentomino_z4
D:2:      layout_basic
D:3:      layout_basic, mainiacjoe_overflow_24_doors,
          mainiacjoe_overflow_six_doors_small, grunt_temple_overflow_open,
          uniq_ijyb
D:4:      minmay_octagon_keep, layout_basic
D:5:      dreamdust_elfheim, layout_loops_cross, nicolae_shop_self_help,
          uniq_menkaure
D:6:      layout_basic
D:7:      minmay_general_purpose_star, layout_loops_ring, temple_doors_cd,
          serial_bayou_ford_a, uniq_pikel

Skill      XL: |  1  2  3  4  5  6  7  8 |
---------------+-------------------------+-----
Axes           | 3 4 5 6 7 9 |  9.2
Shields        | 4 5 6 7 |  7.2
Fighting       | 4 5 6 7 |  7.2
Armour         | 4 5 6 7 |  7.3

Action                     |  1- 3 |  4- 6 |  7- 9 || total
---------------------------+-------+-------+-------++-------
  Melee: War axe           |    94 |    75 |    94 ||   263
         Headbutt          |    13 |    19 |    19 ||    51
  Throw: Dart              |     3 |     1 |       ||     4
    Use: Scroll            |       |     9 |     8 ||    17
   Stab: Distracted        |       |     1 |       ||     1
 Armour: Scale mail        |    15 |       |       ||    15
         Chain mail        |    37 |    42 |    95 ||   174
  Dodge: Dodged            |    48 |    34 |    40 ||   122
  Block: Buckler           |    17 |    12 |    30 ||    59
